 Dungeon Crawl Stone Soup version 0.20.0-3-g22ec75f (console) character file.

536 darko the Sneak (level 7, 0/41 HPs)
             Began as a Halfling Enchanter on May 27, 2017.
             Was an Initiate of Okawaru.
             Slain by a gnoll
             ... wielding a +0 spear
              (8 damage)
             ... on level 3 of the Dungeon.
             The game lasted 00:13:03 (2726 turns).

darko the Sneak (Halfling Enchanter)                Turns: 2726, Time: 00:13:03

Health: 0/41       AC:  3    Str:  9    XL:     7   Next: 50%
Magic:  1/9        EV: 17    Int: 15    God:    Okawaru [......]
Gold:   196        SH:  0    Dex: 15    Spells: 3/9 levels left

rFire    . . .     SeeInvis .   a - +1 dagger
rCold    . . .     Gourm    .   (shield restricted)
rNeg     . . .     Faith    .   b - +0 robe
rPois    .         Spirit   .   (no helmet)
rElec    .         Reflect  .   (no cloak)
rCorr    .         Harm     .   e - +0 pair of gloves
MR       .....                  (no boots)
Stlth    +++.......             (no amulet)
Regen    0.2/turn               (no ring)
MPRegen  0.2/turn               (no ring)

@: no status effects
A: mutation resistance 1
a: Renounce Religion


You were on level 3 of the Dungeon.
You worshipped Okawaru.
Okawaru was noncommittal.
You were hungry.

You visited 2 branches of the dungeon, and saw 5 of its levels.
You also visited: Sewer.

You collected 196 gold pieces.

Inventory:

Hand Weapons
 a - a +1 dagger (weapon)
 j - a +0 mace
 q - a +0 quarterstaff
Missiles
 n - a throwing net (quivered)
Armour
 b - a +0 robe (worn)
 e - a +0 pair of gloves (worn)
Magical Staves
 i - an uncursed staff of wizardry
Wands
 m - a wand of acid (4/15)
Scrolls
 h - 3 scrolls of teleportation
 k - 2 scrolls of remove curse
 p - a scroll of identify
 r - a scroll of magic mapping {unknown}
Potions
 f - 2 potions of curing
 g - a potion of ambrosia
 s - a potion of flight
 t - a potion of heal wounds {unknown}
Books
 c - a book of Maledictions

   Spells                             Type                      Level
   a - Corona                         Hexes                        1
   b - Ensorcelled Hibernation        Hexes/Ice                    2
   c - Confuse                        Hexes                        3
   d - Tukima's Dance                 Hexes                        3
   e - Dazzling Spray                 Conjuration/Hexes            3
Comestibles
 d - 3 bread rations
 l - 4 fruits
 o - 2 royal jellies


   Skills:
 - Level 3.0 Short Blades
 + Level 4.5 Dodging
 + Level 5.3 Stealth
 - Level 1.5 Spellcasting
 * Level 4.6 Hexes


You had 3 spell levels left.
You knew the following spells:

 Your Spells              Type           Power        Failure   Level  Hunger
a - Corona                Hex            ###....      3%          1    ##.....
b - Ensorcelled Hibernat  Hex/Ice        #.....       14%         2    ###....
c - Confuse               Hex            ###.....     11%         3    ####...


Dungeon Overview and Level Annotations

Branches:
Dungeon (4/15)             Temple (1/1) D:4

Altars:
Ashenzari
Dithmenos
Elyvilon
Gozag
Hepliaklqana
Kikubaaqudgha
Makhleb
Okawaru
Qazlal
Ru
Trog
Uskayaw
Xom
Yredelemnul
Zin
The Shining One

Annotations:
D:2 Natasha
D:3 Sigmund


Innate Abilities, Weirdness & Mutations

You are small and have problems with some larger weapons.
You are somewhat resistant to further mutation.


Message History

You hit the gnoll but do no damage.
The gnoll is heavily wounded.
The gnoll misses you.
You barely miss the gnoll.
The gnoll is heavily wounded.
The gnoll hits you with a spear.
* * * LOW HITPOINT WARNING * * *
You hit the gnoll.
The gnoll is severely wounded.
The gnoll closely misses you.
You hit the gnoll.
The gnoll is almost dead.
You barely miss the gnoll.
The gnoll is almost dead.
The gnoll hits you with a spear.
* * * LOW HITPOINT WARNING * * *
You hit the gnoll.
The gnoll is almost dead.
The gnoll hits you with a spear!
You die...

..........####.#.#
..#######.# #.#.#
..# #.# #.#.#
..#### #.# #.#.#
.....# #.# #.#.#
.....# #.# #.#.#
.....# #.# #.#.#
.....# #.# #)#
.....# #.# #@#
..[..# #g##
..#######. #..#
........(. #..#
.......... #..#
......[..[ ....
.......... ...##
..#######. ..#.#
..# .. .#


You could see a gnoll.

Vanquished Creatures
  An ogre (D:4)
  A big kobold (Sewer)
  A vampire bat (D:4)
  A bullfrog skeleton (D:4)
  Ijyb (D:3)
  Natasha (D:2)
  4 worker ants (D:4)
  3 adders
  2 gnolls (D:3)
  2 river rats (Sewer)
  2 adder skeletons (D:4)
  2 worms (D:3)
  5 dart slugs
  A leopard gecko (D:2)
  2 orcs (D:4)
  2 bat skeletons (D:4)
  3 bat zombies (D:4)
  8 giant cockroaches
  5 goblins
  7 hobgoblins
  10 jackals
  10 kobolds
  4 ball pythons
  4 bats
  5 frilled lizards
  12 rats
99 creatures vanquished.

Notes
Turn   | Place    | Note
-------+----------+-------------------------------------------
     0 | D:1      | darko the Halfling Enchanter began the quest for the Orb.
     0 | D:1      | Reached XP level 1. HP: 11/11 MP: 3/3
   165 | D:1      | Reached XP level 2. HP: 10/17 MP: 1/4
   367 | D:1      | Reached XP level 3. HP: 10/21 MP: 2/5
   383 | D:1      | Learned a level 2 spell: Ensorcelled Hibernation
   384 | D:1      | Found a glowing golden altar of the Shining One.
   815 | D:2      | Noticed Natasha
   850 | D:2      | Killed Natasha
   850 | D:2      | Reached skill level 4 in Stealth
   850 | D:2      | Reached XP level 4. HP: 6/27 MP: 3/6
  1257 | D:2      | Reached XP level 5. HP: 31/31 MP: 2/7
  1294 | D:2      | Noticed Natasha
  1364 | D:3      | Noticed Ijyb
  1375 | D:3      | Learned a level 3 spell: Confuse
  1387 | D:3      | Killed Ijyb
  1468 | D:3      | Found a glowing drain.
  1514 | Sewer    | Entered a sewer
  1560 | Sewer    | Noticed a big kobold
  1609 | Sewer    | Killed a big kobold
  1609 | Sewer    | Reached XP level 6. HP: 23/36 MP: 0/8
  1691 | Sewer    | Found a glowing silver altar of Zin.
  1846 | D:3      | Noticed Sigmund
  2026 | D:4      | Noticed an ogre
  2048 | D:4      | Killed an ogre
  2048 | D:4      | Reached skill level 5 in Stealth
  2132 | D:4      | Found an ancient bone altar of Kikubaaqudgha.
  2140 | D:4      | Reached XP level 7. HP: 41/41 MP: 5/9
  2291 | D:4      | Found a staircase to the Ecumenical Temple.
  2316 | Temple   | Entered the Ecumenical Temple
  2441 | Temple   | Became a worshipper of Warmaster Okawaru
  2479 | D:4      | Found a basalt altar of Yredelemnul.
  2726 | D:3      | Slain by a gnoll

Skill      XL: |  1  2  3  4  5  6 |
---------------+-------------------+-----
Hexes          | 3 4 |  4.6
Short Blades   | 2 3 |  3.0
Stealth        | 4 5 |  5.3
Dodging        | 3 4 |  4.5
Spellcasting   | |  1.5

Action                   |  1- 3 |  4- 6 |  7- 9 || total
-------------------------+-------+-------+-------++-------
Melee: Mace              |    30 |       |       ||    30
       Dagger            |    65 |   190 |    66 ||   321
       Quarterstaff      |       |    13 |       ||    13
 Cast: Corona            |    11 |     1 |       ||    12
       Ensorcelled Hiber |     3 |    13 |     9 ||    25
       Confuse           |       |     3 |     1 ||     4
Evoke: Wand              |       |     1 |       ||     1
  Use: Potion            |     1 |     4 |       ||     5
       Scroll            |     4 |     5 |       ||     9
 Stab: Sleeping          |     8 |    17 |    11 ||    36
       Confused          |       |     1 |       ||     1
  Eat: Chunk             |       |     7 |     2 ||     9
Armor: Robe              |    14 |    43 |     7 ||    64
Dodge: Dodged            |    74 |   146 |    44 ||   264
